Map: Rosebud LE

Players

Raynar - Winner!

  • Race: Protoss Protoss
  • Spawn Location: 11:00

SlushyStar - Winner!

  • Race: Terran Terran
  • Spawn Location: 11:00

Throwfordays - Winner!

  • Race: Protoss Protoss
  • League: Silver
  • Spawn Location: 11:00

VOD

Have the link to the VOD?

Description

Time

  • Played on: April 26, 2019, 2:19 p.m.
  • Length: 13:14
Show
View Real Time Build Order
Export as new Build Order

Raynar Protoss - Winner!

Build Orders:  

Get SALT Encoding   

  1  0:00  Probe (Chrono Boost)  
  12  0:09  Probe (Chrono Boost)  
  14  0:25  Pylon  
  14  0:33  Probe (Chrono Boost)  
  15  0:53  Probe (Chrono Boost)  
  15  0:54  Gateway  
  16  1:06  Pylon  
  16  1:22  Probe (Chrono Boost)  
  17  1:33  Probe (Chrono Boost)  
  18  1:56  Nexus  
  18  2:10  Cybernetics Core  
  18  2:24  Gateway  
  18  2:36  Probe (Chrono Boost)  
  19  2:43  Assimilator  
  19  2:53  Probe (Chrono Boost)  
  20  3:10  Probe (Chrono Boost)  
  21  3:26  Probe (Chrono Boost)  
  22  3:43  Probe (Chrono Boost)  
  22  3:47  Probe (Chrono Boost)  
  23  3:59  Probe (Chrono Boost)  
  25  4:00  Probe (Chrono Boost)  
  25  4:07  Forge  
  26  4:13  Probe (Chrono Boost)  
  26  4:14  Assimilator  
  28  4:20  Probe (Chrono Boost)  
  28  4:30  Probe (Chrono Boost)  
  29  4:37  Warp Gate, Probe (Chrono Boost)  
  30  4:46  Probe (Chrono Boost)  
  31  4:54  Probe (Chrono Boost)  
  32  5:01  Protoss Ground Weapons Level 1  
  32  5:03  Probe (Chrono Boost)  
  34  5:11  Probe (Chrono Boost)  
  35  5:20  Probe (Chrono Boost)  
  35  5:37  Probe (Chrono Boost)  
  36  5:42  Pylon  
  36  5:47  Pylon  
  36  5:54  Probe (Chrono Boost)  
  36  5:56  Twilight Council  
  37  6:07  Gateway  
  37  6:11  Pylon  
  37  6:15  Probe (Chrono Boost)  
  37  6:17  Assimilator  
  38  6:29  Zealot  
  40  6:30  Zealot  
  40  6:32  Probe (Chrono Boost)  
  40  6:37  Pylon  
  40  6:39  Robotics Facility  
  43  6:45  Robotics Facility  
  43  6:48  Pylon  
  43  6:49  Probe (Chrono Boost)  
  44  6:56  Gateway  
  44  7:00  Sentry x2  
  44  7:02  Gateway  
  44  7:06  Probe (Chrono Boost)  
  49  7:22  Probe (Chrono Boost)  
  49  7:29  Probe (Chrono Boost)  
  50  7:33  Probe (Chrono Boost)  
  52  7:41  Probe (Chrono Boost)  
  52  7:43  Stalker x2  
  52  7:44  Zealot, Probe (Chrono Boost)  
  52  7:45  Immortal  
  60  7:53  Probe (Chrono Boost)  
  60  7:54  Warp Prism  
  68  8:00  Probe (Chrono Boost)  
  50  8:10  Probe (Chrono Boost)  
  69  8:17  Probe (Chrono Boost)  
  69  8:18  Assimilator  
  70  8:24  Charge  
  70  8:26  Probe (Chrono Boost)  
  70  8:27  Zealot  
  70  8:28  Zealot  
  70  8:29  Immortal  
  75  8:30  Zealot  
  77  8:40  Sentry  
  77  8:42  Stalker  
  85  9:15  Protoss Ground Weapons Level 2  
  85  9:17  Probe (Chrono Boost)  
  86  9:51  Unknown  
  86  9:54  Pylon  
  86  10:01  Pylon  
  86  10:02  Pylon  
  87  10:22  Probe (Chrono Boost)  
  85  10:31  Stalker  
  85  10:32  Stalker  
  85  10:33  Zealot  
  85  10:34  Zealot x2  
  85  10:39  Probe (Chrono Boost)  
  90  11:02  Immortal  
  90  11:03  Zealot, Warp Prism  
  90  11:04  Zealot x4  
  98  11:50  Zealot x4  
  98  11:52  Sentry  
  108  12:05  Immortal  
  106  12:42  Zealot x2  
  110  12:56  Pylon  
  110  12:57  Pylon  
  110  12:58  Pylon  
  110  13:03  Pylon  
Show
View Real Time Build Order
Export as new Build Order

SlushyStar Terran - Winner!

Build Orders:  

Get SALT Encoding   

  12  0:03  SCV  
  13  0:34  Supply Depot  
  13  0:43  SCV  
  14  0:57  Refinery  
  14  1:00  SCV  
  15  1:17  SCV  
  15  1:18  Barracks  
  16  1:34  SCV  
  17  1:51  SCV  
  17  1:58  Supply Depot  
  18  2:08  SCV  
  19  2:18  Refinery  
  19  2:25  SCV  
  19  2:28  Barracks Reactor  
  20  2:30  Supply Depot  
  20  2:59  Factory  
  20  3:16  SCV  
  21  3:23  Marine  
  21  3:24  Marine  
  23  3:33  SCV  
  24  3:48  Marine  
  24  3:49  Marine  
  24  3:50  SCV  
  27  4:06  SCV  
  28  4:13  Marine  
  28  4:14  Marine  
  30  4:23  SCV  
  31  4:31  Factory Tech Lab  
  31  4:38  Marine  
  31  4:39  Marine  
  33  4:41  Starport  
  33  5:03  Marine, Cyclone  
  33  5:09  Marine  
  38  5:28  Marine  
  39  5:32  Supply Depot  
  39  6:02  Marine x2, Cyclone  
  39  6:06  Supply Depot  
  44  6:27  Marine x2  
  46  6:37  Supply Depot  
  46  6:42  Medivac  
  46  6:45  Command Center  
  48  6:54  Siege Tank  
  48  6:59  Marine  
  52  7:01  Marine  
  52  7:06  SCV  
  54  7:23  SCV  
  55  7:33  Starport Tech Lab  
  55  7:38  Marine  
  55  7:39  Marine, SCV, Siege Tank  
  61  8:03  Marine  
  62  8:19  Supply Depot  
  62  8:25  Banshee  
  62  8:27  SCV  
  66  8:44  SCV  
  67  8:51  Supply Depot  
  67  9:01  SCV  
  68  9:13  Barracks  
  68  9:22  Supply Depot  
  68  9:24  Banshee  
  71  9:52  Marine  
  71  9:53  Marine  
  71  9:54  Supply Depot  
  73  10:24  Medivac  
  75  11:10  Barracks Tech Lab  
  75  11:14  Banshee  
  78  11:22  Marine x2  
  78  11:26  Siege Tank  
  83  11:47  Marine x2  
  85  11:51  Unknown  
  85  12:12  Marine x2  
  85  12:14  Medivac  
  89  12:24  Siege Tank x2  
  89  12:37  Marine x2  
Show
View Real Time Build Order
Export as new Build Order

Throwfordays Protoss - Winner!

Build Orders:  

Get SALT Encoding   

  12  0:04  Probe (Chrono Boost)  
  13  0:19  Pylon  
  13  0:25  Probe (Chrono Boost)  
  14  0:37  Probe (Chrono Boost)  
  14  0:48  Probe (Chrono Boost)  
  15  0:57  Gateway  
  16  1:05  Assimilator  
  17  1:11  Probe (Chrono Boost)  
  17  1:27  Probe (Chrono Boost)  
  18  1:41  Assimilator  
  18  1:44  Probe (Chrono Boost)  
  20  2:01  Probe (Chrono Boost)  
  20  2:02  Cybernetics Core  
  20  2:18  Probe (Chrono Boost)  
  21  2:35  Probe (Chrono Boost)  
  22  2:47  Nexus  
  22  2:52  Probe (Chrono Boost)  
  23  3:02  Robotics Facility  
  23  3:17  Pylon  
  23  3:30  Pylon  
  23  3:39  Pylon  
  23  3:58  Gateway  
  23  4:08  Gateway  
  23  4:13  Warp Gate  
  23  4:20  Immortal  
  23  4:38  Probe (Chrono Boost)  
  28  4:49  Probe (Chrono Boost)  
  28  4:52  Probe (Chrono Boost)  
  30  5:01  Probe (Chrono Boost)  
  30  5:09  Probe (Chrono Boost)  
  32  5:18  Probe (Chrono Boost)  
  33  5:24  Immortal  
  33  5:26  Probe (Chrono Boost)  
  34  5:35  Probe (Chrono Boost)  
  39  5:43  Probe (Chrono Boost)  
  40  5:52  Probe (Chrono Boost)  
  42  6:00  Probe (Chrono Boost)  
  42  6:04  Adept  
  42  6:09  Adept, Probe (Chrono Boost)  
  47  6:12  Immortal  
  47  6:17  Probe (Chrono Boost)  
  48  6:26  Probe (Chrono Boost)  
  54  6:42  Assimilator, Probe (Chrono Boost)  
  54  6:43  Probe (Chrono Boost)  
  54  6:46  Adept  
  54  6:49  Assimilator  
  57  7:07  Immortal  
  61  7:14  Probe (Chrono Boost)  
  62  7:20  Pylon  
  62  7:29  Pylon  
  62  7:47  Probe x2 (Chrono Boost)  
  64  7:56  Pylon  
  64  7:57  Adept x3  
  70  8:02  Warp Prism  
  70  8:04  Probe x2 (Chrono Boost)  
  73  8:21  Forge, Probe (Chrono Boost)  
  73  8:22  Forge  
  73  8:28  Pylon  
  73  8:35  Twilight Council, Stalker x2  
  77  8:44  Stalker  
  79  8:54  Gateway  
  79  8:59  Gateway  
  79  9:38  Stalker x3  
  79  10:44  Stalker x2  
  79  10:45  Stalker x3  
  87  11:17  Stalker x3  
  93  11:47  Pylon  
  93  11:48  Pylon  
  93  11:50  Pylon  
  93  11:52  Pylon  
  93  11:54  Pylon  
  91  12:12  Immortal  
  95  12:20  Nexus  
Tags
 
League
Silver
Matchup
Co-op
Replay Pack
Multiplayer
Add a new tag
Caveats
  • Supply blocks, unpowered buildings, or Contaminate may cause inaccurate times.
  • Supply counts are checked every 10 seconds.